 Dungeon Crawl Stone Soup version 0.25.0-15-gac7dcb8919 (webtiles) character file.

Game seed: 6049036240854558263

20 lepoulpe303 the Vexing (level 3, -2/20 HPs)
             Began as a Kobold Arcane Marksman on June 29, 2020.
             Slain by a kobold
             ... wielding a +1 whip of electrocution
              (16 damage)
             ... on level 1 of the Dungeon.
             The game lasted 00:02:11 (365 turns).

lepoulpe303 the Vexing (Kobold Arcane Marksman)      Turns: 365, Time: 00:02:12

Health: -2/20      AC:  2    Str:  7    XL:     3   Next: 0%
Magic:  5/5        EV: 15    Int: 15    God:
Gold:   43         SH:  0    Dex: 15    Spells: 2/5 levels left

rFire    . . .     SeeInvis .   a - +0 hand crossbow
rCold    . . .     Gourm    .   (shield restricted)
rNeg     . . .     Faith    .   f - +0 robe
rPois    .         Spirit   .   (no helmet)
rElec    .         Reflect  .   (no cloak)
rCorr    .         Harm     .   (no gloves)
MR       .....                  (no boots)
Stlth    +.........             (no amulet)
HPRegen  0.06/turn              (no ring)
MPRegen  0.09/turn              (no ring)

@: no status effects
A: small, carnivore
a: no special abilities


You were on level 1 of the Dungeon.
You were completely stuffed.

You visited 1 branch of the dungeon, and saw 1 of its levels.

You collected 43 gold pieces.

Inventory:

Hand Weapons
 a - a +0 hand crossbow (weapon)
Missiles
 Q - 12 bolts (quivered)
Armour
 f - a +0 robe (worn)
Jewellery
 b - an uncursed ring of see invisible {unknown}
Scrolls
 c - a scroll of teleportation {unknown}
Potions
 d - a potion of curing {unknown}
Comestibles
 e - 6 rations


   Skills:
 + Level 1.3 Fighting
 * Level 2.9 Crossbows
 + Level 2.6 Dodging
 * Level 1.5 Spellcasting
 * Level 3.2 Hexes


You had 2 spell levels left.
You knew the following spells:

 Your Spells              Type           Power        Failure   Level  Hunger
s - Slow                  Hex            ##......     9%          2    ###....
v - Corona                Hex            ##.....      6%          1    ##.....

Your spell library contained the following spells:

 Spells                   Type           Power        Failure   Level  Hunger
 Inner Flame              Hex/Fire       #.......     34%         3    ####...
 Portal Projectile        Hex/Tloc       #.....       34%         3    ####...
 Cause Fear               Hex            ##........   52%         4    #####..
 Leda's Liquefaction      Hex/Erth       #.........   75%         4    #####..


Dungeon Overview and Level Annotations

Branches:
Dungeon (1/15)

Altars:


Innate Abilities, Weirdness & Mutations

You are small and have problems with some larger weapons.
You are carnivorous and can eat meat at any time.


Message History

The bolt hits the goblin!
You kill the goblin!
You have reached level 3!
Your experience leads to an increase in your attributes!
Increase (S)trength, (I)ntelligence, or (D)exterity?
You feel clever.
Health restored: 20; MP restored: 5 Memorise Slow, consuming 2 spell levels and leaving 2? [Y]es or [N]o only, please.
Memorise Slow, consuming 2 spell levels and leaving 2?
You start memorising the spell.
You continue memorising. x2
You finish memorising.
Spell assigned to 's'.
Firing (i - inventory)
Q - 13 bolts (quivered)
Aim: a kobold, wielding a +1 whip of electrocution You shoot a bolt.
The bolt barely misses the kobold.
The bolt hits the giant cockroach but does no damage.
The kobold hits you with a +1 whip of electrocution.
You are electrocuted!
Ouch! That really hurt!
You die...

.# ... #.# (. #.# ).##
####.### (.# ....... ..#
#......
#s##########...... ..
#K##.............. ≈.# #
######@##.######...÷...
≈.### .
........(..#####........
.≈..# .#
#######.#####...........
..≈.##.# #.#
#..#.....#.. .......##
#.# #..##....##.
.≈≈≈≈≈..## #.#
#..###†#.### ......≈..#
#.# #..# #.#(###
.<≈....≈..# #.# ##..#
#...(). ≈.≈...≈.... ..
#...#####÷###


You could see a giant cockroach and a kobold.

Levels and vault maps discovered:
D:1:      ebering_trefoil_3fold, layout_loops_ring

Notes
Turn   | Place    | Note
-------+----------+-------------------------------------------
     0 | D:1      | lepoulpe303 the Kobold Arcane Marksman began the quest for
                  | the Orb.
     0 | D:1      | Reached XP level 1. HP: 12/12 MP: 2/2
   113 | D:1      | lepoulpe303: !whichgod koam
   113 | D:1      | meem: 13 recent wins for koam: 4x Okawaru, 2x Zin,
                  | Ashenzari, Fedhas, Hepliaklqana, Uskayaw, Yredelemnul, Ru,
                  | Trog
   114 | D:1      | Reached XP level 2. HP: 16/16 MP: 3/3
   116 | D:1      | Identified a +0 club
   205 | D:1      | Identified a cursed -2 club
   357 | D:1      | Identified a +0 dagger
   358 | D:1      | Identified a +1 whip of electrocution
   361 | D:1      | Reached XP level 3. HP: 20/20 MP: 5/5
   365 | D:1      | Learned a level 2 spell: Slow
   365 | D:1      | Slain by a kobold

Table legend:
 A = Turns spent in this place as a percentage of turns spent in the entire game.
 B = Non-inter-level travel turns spent in this place as a percentage of non-inter-level travel turns spent in the entire game.
 C = Inter-level travel turns spent in this place as a percentage of turns spent in this place.
 D = Turns resting spent in this place as a percentage of non-inter-level travel turns spent in this place.
 E = Turns spent auto-exploring this place as a percentage of non-inter-level travel turns spent in this place.
 F = Non-inter-level travel turns spent in this place divided by the number of levels of this place that you've seen.
                   A       B       C       D       E      F
               +-------+-------+-------+-------+-------+----------------------
         Total | 100.0 | 100.0 |   1.6 |   0.0 |  83.3 | 359.0
       Dungeon | 100.0 | 100.0 |   1.6 |   0.0 |  83.3 | 359.0
               +-------+-------+-------+-------+-------+----------------------

Table legend:
 A = Kills in this place as a percentage of kills in entire the game.
 B = Kills by you in this place as a percentage of kills by you in the entire game.
 C = Kills by friends in this place as a percentage of kills by friends in the entire game.
 D = Other kills in this place as a percentage of other kills in the entire game.
 E = Experience gained in this place as a percentage of experience gained in the entire game.
 F = Experience gained in this place divided by the number of levels of this place that you have seen.
                   A       B       C       D       E      F
               +-------+-------+-------+-------+-------+----------------------
         Total | 100.0 | 100.0 |   N/A |   N/A | 100.0 |  29.0
       Dungeon | 100.0 | 100.0 |   N/A |   N/A | 100.0 |  29.0
               +-------+-------+-------+-------+-------+----------------------

Action                   || total
-------------------------++-------
 Fire: Hand crossbow     ||    39
  Eat: Chunk             ||     7
Dodge: Dodged            ||    10

Vanquished Creatures
  A leopard gecko (D:1)
  3 goblins (D:1)
  3 hobgoblins (D:1)
  2 jackals (D:1)
  2 kobolds (D:1)
  2 bats (D:1)
  3 frilled lizards (D:1)
  2 rats (D:1)
18 creatures vanquished.
